 Dungeon Crawl Stone Soup version 0.16-a0-331-g39fd2ee (webtiles) character file.

102 Ratboiler the Insei (level 4, -1/28 HPs)
             Began as an Octopode Transmuter on Sept 6, 2014.
             Killed from afar by a hobgoblin (6 damage)
             ... with a wand of magic darts
             ... on Level 3 of the Dungeon.
             The game lasted 00:04:30 (2452 turns).

Ratboiler the Insei (Octopode Transmuter)           Turns: 2452, Time: 00:04:31

HP  -1/28        AC  1     Str  9      XL: 4   Next: 78%
MP   1/7         EV 12     Int 15      God:
Gold 161         SH  0     Dex 13      Spells:  3 memorised,  1 level left

rFire  + . .     SeeInvis .       - Unarmed
rCold  x . .     Clarity  .     (no shield)
rNeg   . . .     rCorr    .     (helmet restricted)
rPois  .         rRot     .     (no amulet)
rElec  .         Spirit   .     o - ring of fire
SustAb .         Warding  .     p - ring of flight
rMut   .         Stasis   .     (no ring)
Gourm  .                        (no ring)
MR     .....                    (no ring)
                                (no ring)
                                (no ring)
                                (no ring)

@: appendage (expiring), very slightly contaminated, not resistant to hostile
enchantments, fairly stealthy
A: almost no armour, amphibious, 8 rings, constrict 8, tentacle spike 3,
camouflage 1, gelatinous body 1
a: End Transformation, Evoke Flight


You were on level 3 of the Dungeon.
You were hungry.
One of your tentacles had a temporary spike.
You visited 1 branch of the dungeon, and saw 3 of its levels.

You collected 161 gold pieces.

Inventory:

Missiles
 b - 72 arrows
 l - 13 poisoned needles
Comestibles
 a - 2 bread rations
 g - a slice of pizza
 k - 2 beef jerkies
 u - a rotting chunk of human flesh
Scrolls
 c - 2 scrolls of teleportation {unknown}
 e - a scroll of recharging {unknown}
 h - a scroll of remove curse {unknown}
 i - 2 scrolls of enchant armour {unknown}
 s - 2 scrolls of immolation {unknown}
Jewellery
 o - a ring of fire (left tentacle)
 p - a ring of flight (right tentacle)
Potions
 j - a potion of porridge
 m - a potion of resistance {unknown}
 q - a potion of brilliance {unknown}
Books
 d - a book of Changes

   Spells                             Type                      Level
   *Beastly Appendage                 Transmutation                1
   *Sticks to Snakes                  Transmutation                2
   *Spider Form                       Transmutation/Poison         3
   Ice Form                           Ice/Transmutation            4
   Blade Hands                        Transmutation                5
 n - a book of Wizardry

   Spells                             Type                      Level
   Agony                              Necromancy                   5
   Force Lance                        Conjuration                  5
   Dispersal                          Translocation                6
   Haste                              Charms                       6
   Invisibility                       Hexes                        6
   Spellforged Servitor               Conjuration/Summoning        7


   Skills:
 - Level 1.0 Fighting
 - Level 2.0 Dodging
 + Level 2.0 Stealth
 + Level 5.1 Unarmed Combat
 - Level 2.0 Spellcasting
 - Level 2.0 Transmutations


You had one spell level left.
You knew the following spells:

 Your Spells              Type           Power        Failure   Level  Hunger
a - Beastly Appendage     Trmt           #.....       12%         1    #......
b - Sticks to Snakes      Trmt           #.........   14%         2    ###....
c - Spider Form           Trmt/Pois      #.........   43%         3    ####...


Dungeon Overview and Level Annotations

Branches:
Dungeon (3/15)

Altars:
Okawaru
Vehumet
Zin


Innate Abilities, Weirdness & Mutations

You cannot wear most types of armour.
You are amphibious.
You can wear up to eight rings at the same time.
You can use your tentacles to constrict many enemies at once.
Your skin changes colour to match your surroundings (Stealth).
Your rubbery body absorbs attacks (AC +1).
One of your tentacles bears a large vicious spike.


Message History

The goblin hits you but does no damage.
The hobgoblin zaps a wand.
The magic dart hits you!
* * * LOW HITPOINT WARNING * * *
You see here a hunting sling.
Your transformation is almost over.
Casting: Beastly Appendage
Confirm with . or Enter, or press ? or * to list all spells.
You miscast Spider Form.
You are very lightly contaminated with residual magic.
You smell something strange.
The goblin hits you but does no damage.
Casting: Spider Form
Confirm with . or Enter, or press ? or * to list all spells.
You miscast Spider Form.
You feel mildly nauseous.
You are feeling hungry.
The goblin hits you but does no damage.
You barely miss the goblin. Your grab misses the goblin.
You squeeze the goblin.
You kill the goblin!
The hobgoblin zaps a wand.
The magic dart hits you!
You die...

#..# #..#
########..##
............#
##.#######....#####
.(.........>.......#
##.####<##..#####.#
#.##..#####.##
#@##.........#####
#g##.#####........
##)##.#####...#####
#)#####.............#
#........###.#######
#.#........#
#....#...# ###
##.......... ..
#.#._.#...... #.


You could see a hobgoblin.

Vanquished Creatures
  Jessica (D:3)
  A gnoll (D:1)
  2 adders
  A giant mite (D:2)
  A worm (D:2)
  2 oozes
  9 bats
  A giant cockroach (D:2)
  7 goblins
  2 hobgoblins (D:2)
  3 jackals (D:2)
  A quokka (D:2)
  A giant newt (D:1)
  6 kobolds
  3 rats
41 creatures vanquished.

Notes
Turn   | Place    | Note
--------------------------------------------------------------
     0 | D:1      | Ratboiler, the Octopode Transmuter, began the quest for the Orb.
     0 | D:1      | Reached XP level 1. HP: 13/13 MP: 3/3
   183 | D:1      | Reached XP level 2. HP: 13/18 MP: 4/4
   193 | D:1      | Learned a level 2 spell: Sticks to Snakes
   888 | D:1      | Reached skill level 4 in Unarmed Combat
   972 | D:2      | Reached XP level 3. HP: 15/23 MP: 4/6
   983 | D:2      | Learned a level 3 spell: Spider Form
  1767 | D:2      | Reached skill level 1 in Stealth
  1772 | D:2      | Reached XP level 4. HP: 25/28 MP: 5/7
  2014 | D:2      | Found an iron altar of Okawaru.
  2154 | D:3      | Noticed Jessica
  2160 | D:3      | Killed Jessica
  2160 | D:3      | Reached skill level 5 in Unarmed Combat
  2174 | D:3      | Found a glowing silver altar of Zin.
  2434 | D:3      | Found a radiant altar of Vehumet.
  2452 | D:3      | Killed from afar by a hobgoblin

Action                   |  1- 3 |  4- 6 || total
-------------------------+-------+-------++-------
Melee: Unarmed           |    77 |    22 ||    99
 Cast: Beastly Appendage |     5 |     2 ||     7
       Spider Form       |     1 |     1 ||     2
  Use: Potion            |     2 |       ||     2
 Stab: Sleeping          |     2 |     2 ||     4
  Eat: Chunk             |     3 |     2 ||     5
